 Dungeon Crawl Stone Soup version 0.18.1-48-g4cf74bf (webtiles) character file.

48 MistressOfTheDunes the Insei (level 3, 0/29 HPs)
             Began as a Mummy Monk on July 20, 2016.
             Slain by a gnoll
             ... wielding a +0 whip
              (7 damage)
             ... on level 1 of the Dungeon.
             The game lasted 00:01:16 (1776 turns).

MistressOfTheDunes the Insei (Mummy Monk)           Turns: 1776, Time: 00:01:17

Health: 0/29       AC:  0    Str: 14    XL:     3   Next: 50%
Magic:  3/3        EV: 13    Int:  9    God:
Gold:   25         SH:  0    Dex: 15    Spells: 0 memorised, 2 levels left

rFire  x . .     SeeInvis .       - Unarmed
rCold  + . .     Gourm    .     (no armour)
rNeg   + + +     Faith    .     (no shield)
rPois  ∞         Spirit   .     (no helmet)
rElec  .         Dismiss  .     (no cloak)
rCorr  .         Reflect  .     (no gloves)
SustAt .         Harm     .     (no boots)
MR     .....                    (no amulet)
Stlth  ++........               (no ring)
                                (no ring)

@: not resistant to hostile enchantments, unstealthy
A: no food or potions, fire vulnerability, cold resistance 1, negative energy
resistance 3, torment resistance, unbreathing
a: no special abilities


You were on level 1 of the Dungeon.
You were not hungry.

You visited 1 branch of the dungeon, and saw 2 of its levels.

You collected 25 gold pieces.


Innate Abilities, Weirdness & Mutations

You do not eat or drink.
Your flesh is vulnerable to fire.
You are immune to poison.
Your flesh is cold resistant.
You are immune to negative energy.
You are immune to unholy pain and torment.
You can survive without breathing.


   Skills:
 - Level 3.0 Fighting
 - Level 2.4 Dodging
 - Level 1.5 Stealth
 + Level 4.3 Unarmed Combat


You had 2 spell levels left.
You didn't know any spells.

Inventory:

Scrolls
 a - 2 scrolls of enchant weapon {unknown}
 b - a scroll of teleportation {unknown}
 c - a scroll of immolation {unknown}
 d - a scroll of fog {unknown}
 e - a scroll of identify {unknown}
 f - 2 scrolls of remove curse {unknown}

Dungeon Overview and Level Annotations

Branches:
Dungeon (2/15)

Altars:

▒ ▒†▒▒▒▒▒▒▒▒ ▒
▒..(.....▒ ▒
▒▒▒▒▒▒▒▒.▒ ▒ ▒.▒ ▒
▒.▒ ▒▒.▒▒ ▒
▒▒▒▒▒▒▒...▒▒▒▒▒▒▒▒▒▒▒
▒
▒..(................▒
▒
▒▒.▒▒▒▒...▒▒▒▒M▒▒▒▒.▒
▒▒▒▒.▒ ▒▒.▒▒ ▒g▒ ▒.▒
.....▒ ▒.▒ ▒.▒ ▒.▒
.....▒▒▒▒▒.▒ ▒.▒ ▒.▒
...........▒ ▒.▒ ▒.▒
▒▒▒▒▒▒▒.▒▒▒▒ ▒.▒ ▒.▒
▒.▒ ▒.▒ ▒.▒ ▒.▒ ▒.▒
▒.▒ ▒.▒ ▒.▒ ▒.▒


You could see a gnoll.


Message History

A gnoll is nearby!!!
A gnoll comes into view! It is wielding a whip!
The gnoll shouts!!!
A gnoll comes into view! It is wielding a club!
The gnoll shouts!!!
The gnoll hits you with a whip!!!
You are too injured to fight recklessly!!!
You are too injured to fight recklessly!!!
You are too injured to fight recklessly!!!
You are too injured to fight recklessly!!!
You are too injured to fight recklessly!!!
You are too injured to fight recklessly!!!
You are too injured to fight recklessly!!!
You are too injured to fight recklessly!!!
The gnoll hits you with a whip!
You can't go up here!!!
There is a stone staircase leading up here!
The gnoll hits you with a whip!!! * * * don't die
* * * You climb upwards!
There is a stone staircase leading down here!
You barely miss the gnoll!
The gnoll hits you with a whip! * * * don't die
* * * You squash the gnoll like an ant!
The gnoll is lightly wounded!
The gnoll closely misses you!
You squash the gnoll like an ant!
The gnoll is moderately wounded!
The gnoll hits you with a whip!!! rip

Action                   || total
-------------------------++-------
Melee: Unarmed           ||   107
       Punch             ||     1
Dodge: Dodged            ||    60

Vault maps used:
D:1:      elethiomel_arrival_infinity_welcomes_careful_drivers
D:2:      nicolae_overflow_hidden_temple, kennysheep_generic_room_11

Notes
Turn   | Place    | Note
--------------------------------------------------------------
     0 | D:1      | MistressOfTheDunes the Mummy Monk began the quest for the Orb.
     0 | D:1      | Reached XP level 1. HP: 18/18 MP: 1/1
   453 | D:1      | Reached XP level 2. HP: 20/24 MP: 2/2
   767 | D:1      | Reached skill level 4 in Unarmed Combat
  1018 | D:1      | Reached XP level 3. HP: 16/29 MP: 3/3
  1776 | D:1      | Slain by a gnoll

Vanquished Creatures
  A gnoll (D:1)
  An adder (D:2)
  An ooze (D:2)
  A dart slug (D:1)
  A giant cockroach (D:1)
  A goblin (D:1)
  4 hobgoblins (D:1)
  3 kobolds (D:1)
  6 bats (D:1)
  2 giant newts (D:1)
  3 rats (D:1)
24 creatures vanquished.
